Workbook
Name \0: #REF!
Name \00: #REF!
Name \a: #REF!
Name \a: #REF!
Name \a: #REF!
Name \a: #REF!
Name \a: #REF!
Name \a: #REF!
Name \a: #REF!
Name \a: #REF!
Name \a: #REF!
Name \a: #REF!
Name \a: #REF!
Name \a: #REF!
Name \a: #REF!
Name \a: #REF!
Name \AA: [1]LIQUIDACION!#REF!
Name \AA: [1]LIQUIDACION!#REF!
Name \AA: [1]LIQUIDACION!#REF!
Name \AA: [1]LIQUIDACION!#REF!
Name \AA: [1]LIQUIDACION!#REF!
Name \AA: [1]LIQUIDACION!#REF!
Name \AA: [1]LIQUIDACION!#REF!
Name \AA: [1]LIQUIDACION!#REF!
Name \AA: [1]LIQUIDACION!#REF!
Name \AA: [1]LIQUIDACION!#REF!
Name \AA: [1]LIQUIDACION!#REF!
Name \AA: [1]LIQUIDACION!#REF!
Name \AA: [1]LIQUIDACION!#REF!
Name \AA: [1]LIQUIDACION!#REF!
Name \b: [2]STRSUMM0!#REF!
Name \b: [2]STRSUMM0!#REF!
Name \b: [2]STRSUMM0!#REF!
Name \b: [2]STRSUMM0!#REF!
Name \b: [2]STRSUMM0!#REF!
Name \b: [2]STRSUMM0!#REF!
Name \b: [2]STRSUMM0!#REF!
Name \b: [2]STRSUMM0!#REF!
Name \b: [2]STRSUMM0!#REF!
Name \b: [2]STRSUMM0!#REF!
Name \b: [2]STRSUMM0!#REF!
Name \b: [2]STRSUMM0!#REF!
Name \b: [2]STRSUMM0!#REF!
Name \b: [2]STRSUMM0!#REF!
Name \bb: [2]STRSUMM0!#REF!
Name \bb: [2]STRSUMM0!#REF!
Name \bb: [2]STRSUMM0!#REF!
Name \bb: [2]STRSUMM0!#REF!
Name \bb: [2]STRSUMM0!#REF!
Name \bb: [2]STRSUMM0!#REF!
Name \bb: [2]STRSUMM0!#REF!
Name \bb: [2]STRSUMM0!#REF!
Name \bb: [2]STRSUMM0!#REF!
Name \bb: [2]STRSUMM0!#REF!
Name \bb: [2]STRSUMM0!#REF!
Name \bb: [2]STRSUMM0!#REF!
Name \bb: [2]STRSUMM0!#REF!
Name \bb: [2]STRSUMM0!#REF!
Name \E: #REF!
Name \E: #REF!

Sheet PRESUPUESTO OFICIAL
C3: Formulario 1 - Propuesta económica - Documento tipo de licitación de obra pública de infraestructura de transporte - versión 3
C4: Código | D4: CCE-EICP-FM-14 | E4: Versión | F4: 3
C6: FORMULARIO 1
C7: PRESUPUESTO OFICIAL
C8: [La entidad puede utilizar este formulario de detalle del presupuesto oficial para determinar las condiciones bajo las cuales los proponentes analizarán y presentarán su propuesta económica de forma detallada, sin perjuicio que la entidad pueda modificarlo o establecer la presentación de la oferta económica con un formulario distinto al indicado.]
C10: Adicionalmente, cuando el proceso de contratación es estructurado por precios unitarios, la Entidad debe aplicar las notas 1, 2 y 3 del presente formulario y las casillas de "Descripción", "Porcentaje" de la Administración, Imprevisto, Utilidad y total A.I.U. resaltadas en colo amarillo. Tratándose de otras modalidades de precio, la Entidad puede o no configurar los mismos aspectos.
C12: Nº | D12: ITEM DE PAGO | E12: ESPECIFICACIONES | G12: DESCRIPCION | H12: UND. | I12: CANTIDAD | J12: VALOR UNITARIO | K12: VALOR TOTAL
E13: GENERAL | F13: PARTICULAR
C15: 1 | D15: 1 | G15: SUMINISTRO Y APLICACIÓN DE IMPRIMANTE PARA LINEA DE DEMARCACIÓN ESPESOR MINIMO 110 MICRONES | H15: ml | I15: 3523.2663 | J15: 2577.9152 | K15: 9082681.7
C16: 2 | D16: 3 | G16: LÍNEAS DE DEMARCACIÓN CON PINTURA PLASTICO EN FRÍO QUE CUMPLA CON LA NORMA NTC 4744. | H16: ml | I16: 3523.2663 | J16: 6658.6 | K16: 23460021
C17: 3 | D17: 4 | G17: SUMINISTRO Y APLICACIÓN DE IMPRIMANTE PARA MARCAS VIALES, CON ESPESOR MINIMO DE 110 MICRONES, QUE CUMPLA CON LA NORMA NTC 4744. | H17: M² | I17: 350 | J17: 23480.994 | K17: 8218347.8
C18: 4 | D18: 5 | G18: MARCA VIAL CON PINTURA PLASTICO EN FRÍO QUE CUMPLA CON LA NORMA NTC 4744. | H18: M² | I18: 350 | J18: 74141.6 | K18: 25949560
C19: 5 | G19: SUMINISTRO E INSTALACION DE TACHAS REFLECTIVAS BIDIRECCIONALES Y UNIDIRECCIONALES | H19: un. | I19: 120 | J19: 22776 | K19: 2733120
C20: 6 | G20: LIMPIEZA DE BORDE DE VIA DEL TRAMO VIAL | H20: ml | I20: 100 | J20: 1911.3072 | K20: 191130.72
C21: 7 | G21: BORRADO MECANICO DE DEMARCACIONES | H21: un. | I21: 100 | J21: 9971.8 | K21: 997180
C22: 8 | D22: 20 | G22: SUMINISTRO E INSTALACION DE SEÑALES VERTICALES SP,SR,SI DE 60 X 60 CM CON TABLERO LAMINA GALVANIZADA CAL.16 REFLECTIVIDAD TIPO IV, POSTE DE 3,50MTS. NORMA 4769 | H22: un. | I22: 24 | J22: 647449.4 | K22: 15538786
C23: 9 | D23: 21 | G23: SUMINISTRO E INSTALACION DE SEÑALES VERTICALES DE 60 X 60CMS TABLERO LAMINA GAL. CAL. 16 REFLECTIVIDAD TIPO IV , (SP 47, SP-47A , SP-47B Y SP-59B) VERDE LIMON POSTE DE 3,50MTS | H23: un. | I23: 8 | J23: 722500 | K23: 5780000
C24: 10 | D24: 22 | G24: SUMINISTRO E INSTALACION DE SEÑALES VERTICALES SP,SR,SI DE 60 X 60 CM CON TABLERO LAMINA GALVANIZADA CAL.16 DUPLEX REFLECTIVIDAD TIPO IV, POSTE DE 3,50MTS. NORMA 4769 | H24: un. | I24: 8 | J24: 757000 | K24: 6056000
C25: 11 | D25: 25 | G25: SUMINISTRO E INSTLACION SEÑALES VERTICALES SR-38 Y SR-39, LAMINA GALVANIZADA, CALIBRE 16, REFLECTIVIDAD TIPO IV, ADOSADAS A LA PARED | H25: un. | I25: 5 | J25: 106069.35 | K25: 530346.77
C26: 12 | D26: 26 | G26: SUMINISTRO E INSTLACION SEÑALES VERTICALES SR-38 Y SR-39, LAMINA GALVANIZADA REFLECTIVIDAD TIPO IV, CON PEDESTAL. | H26: un. | I26: 2 | J26: 336748.51 | K26: 673497.01
C27: 13 | D27: 27 | G27: RETIRO DE SEÑALES VERTICALES Y TRANSPORTE AL ALMACEN DEL MUNICIPIO | H27: un. | I27: 25 | J27: 31573.178 | K27: 789329.44
C28: Subtotal | D28: 28
C29: SUBTOTAL OBRAS | K29: =SUM(K15:K28) -> 1e+08
G32: SUBTOTAL OBRAS (INCLUYE IVA)
G35: VALOR TOTAL | K35: =K29 -> 1e+08
C38: NOTA 1: Se debe tener en cuenta que el PRECIO UNITARIO incluye el valor de A.I.U. | H38: DESCRIPCION | K38: PORCENTAJE
C39: NOTA 2: Cuando la fracción decimal del peso sea igual o superior a 5 se aproximara por exceso al número entero siguiente del peso y cuando la fracción decimal del peso sea inferior a 5 se aproximará por defecto al número entero del peso. | H39: ADMINISTRACION | J39: A= | K39: 0.25
C40: NOTA 3: El A.I.U y su discriminación deben estar en porcentaje (%). | H40: IMPREVISTO | J40: I= | K40: 0.01
H41: UTILIDAD | J41: U= | K41: 0.04
H42: TOTAL A.I.U | J42: A.I.U.= | K42: 0.3

Sheet 1
C3: Formulario 1 - Propuesta económica - Documento tipo de licitación de obra pública de infraestructura de transporte - versión 3
C4: Código | D4: CCE-EICP-FM-14 | E4: Versión | F4: 3
C6: [La entidad podrá utilizar este formato para la presentación de los análisis de precios unitarios el contratista en la oportunidad prevista en el numeral 8.1. del Documento Base]
D9: ALCALDIA DE ZIPAQUIRÁ
L10: VERSIÓN
L12: PÁGINA | M12: 1 | N12: DE | O12: 1
D14: ANALISIS DE PRECIOS UNITARIOS
L16: FECHA | M16: DD | N16: MM | O16: AA
C18: ITEMS DE LA PROPUESTA ECONÓMICA | I18: ITEMS NO PREVISTOS
C22: DATOS ESPECÍFICOS
C24: ITEM | D24: DESCRIPCIÓN | M24: UNIDAD | O24: CANTIDAD
C25: 1 | D25: SUMINISTRO Y APLICACIÓN DE IMPRIMANTE PARA LINEA DE DEMARCACION ESPESOR MINIMO 110 MICRONES | M25: ML | O25: ='PRESUPUESTO OFICIAL'!I15 -> 3523.2663
C26: I. EQUIPO
C29: DESCRIPCIÓN | H29: MARCA | J29: UNIDAD | L29: TARIFA | M29: RENDIMIENTO | O29: Vr. UNITARIO
C30: HERRAMIENTA MENOR (10% DE M.O.) | L30: =O57*0.1 -> 52.506554 | O30: =L30 -> 52.506554
C31: CAMION DE APOYO | J31: DÍA | L31: 474220 | N31: 5000 | O31: =L31/N31 -> 94.844
C32: MAQUINA DE APLICACIÓN | J32: HORA | L32: 149631 | N32: 2000 | O32: =L32/N32 -> 74.8155
C33: DISPOSITIVOS PARA CIERRE | J33: DÍA | L33: 30000 | N33: 1000 | O33: =L33/N33 -> 30
C34: SUBTOTAL $ | O34: =SUM(O30:O33) -> 252.16605
C35: II. MATERIALES
C38: DESCRIPCIÓN | K38: UNIDAD | L38: CANTIDAD | M38: PRECIO UNIT. | O38: Vr. UNITARIO
C39: IMPRIMANTE ACRILICO | K39: GL | L39: 0.010608 | M39: 111750 | O39: =L39*M39 -> 1185.444
C40: DISOLVENTE THINNER | K40: GL | L40: 0.0004 | M40: 50671 | O40: =L40*M40 -> 20.2684
C41: SUBTOTAL $ | O41: =SUM(O39:O40) -> 1205.7124
C42: III. TRANSPORTES
C45: DESCRIPCION | J45: VOL. o PESO | K45: DISTANCIA | L45: M3 o Ton/Km | M45: TARIFA | O45: Vr. UNITARIO
O48: =SUM(M46:N47) -> 0
C49: IV. MANO DE OBRA
C52: TRABAJADOR | J52: JORNAL | K52: PRESTACIONES | L52: JORNAL TOTAL | M52: RENDIMIENTO | O52: Vr. UNITARIO
C53: OFICIAL (1) AA | J53: 84933 | K53: 2.2 | L53: =+J53*K53 -> 186852.6 | M53: 1300 | O53: =L53/M53 -> 143.73277
C54: AYUDANTE (4) AA | J54: 225333 | K54: 2.2 | L54: =+J54*K54 -> 495732.6 | M54: 1300 | O54: =L54/M54 -> 381.33277
L55: =+J55*K55 -> 0
L56: =+J56*K56 -> 0
C57: SUBTOTAL $ | O57: =O53+O54+O55+O56 -> 525.06554
C58: V. OTROS GASTOS
C61: VIATICOS | J61: CANTIDAD | K61: UND | L61: PRECIO UNITARIO | M61: RENDIMIENTO | O61: Vr. UNITARIO
C67: SUBTOTAL $ | O67: =O62+O63+O64+O66 -> 0
C69: TOTAL COSTO DIRECTO $ | O69: =O34+O41+O48+O67+O57 -> 1982.944
C70: V. COSTOS INDIRECTOS
C73: Descripción | L73: Porcentaje | M73: Valor Total
C74: ADMINISTRACION | L74: 0.25 | M74: =O69*L74 -> 495.736
C75: IMPREVISTOS | L75: 0.01 | M75: =L75*O69 -> 19.82944
C76: UTILIDAD | L76: 0.04 | M76: =L76*O69 -> 79.31776
C77: SUBTOTAL $ | O77: =SUM(M74:N76) -> 594.8832
C79: Precio Unitario Total Aproximado al peso $ | O79: =ROUND(O69+O77,0) -> 2578
H83: Firma
H84: Nombre:
H85: Representante Legal del Contratista o su Apoderado
H86: Matricula No. :
C88: OBSERVACIONES INTERVENTORÍA
C92: APROBACIÓN POR INTERVENTORÍA
C93: Nota 1: Cuando se trate de Análisis de precios unitarios correspondientes a ítems de la propuesta económica aprobada, el Interventor aprueba el desglose de los componentes manteniendo el mismo precio unitario de cada ítem, cumpliendo con las especificaciones de construcción vigentes para el proyecto.
C95: Nota 2: Cuando se trate de Análisis de precios unitarios de ítems no previstos, el Interventor aprueba el desglose y precio unitario de cada ítem no previsto, exigiendo la aplicación de los costos correspondientes a insumos y tarifas de la propuesta económica inicial cuando estén contemplados, cumpliendo con las especificaciones de construcción vigente para el proyecto.
H98: Firma
H99: Nombre:
H100: Representante Legal del Interventor o su Apoderado
H101: Matricula No. :

Sheet 2
C3: Formulario 1 - Propuesta económica - Documento tipo de licitación de obra pública de infraestructura de transporte - versión 3
C4: Código | D4: CCE-EICP-FM-14 | E4: Versión | F4: 3
C6: [La entidad podrá utilizar este formato para la presentación de los análisis de precios unitarios el contratista en la oportunidad prevista en el numeral 8.1. del Documento Base]
D9: ALCALDIA DE ZIPAQUIRÁ
L10: VERSIÓN
L12: PÁGINA | M12: 1 | N12: DE | O12: 1
D14: ANALISIS DE PRECIOS UNITARIOS
L16: FECHA | M16: DD | N16: MM | O16: AA
C18: ITEMS DE LA PROPUESTA ECONÓMICA | I18: ITEMS NO PREVISTOS
C22: DATOS ESPECÍFICOS
C24: ITEM | D24: DESCRIPCIÓN | M24: UNIDAD | O24: CANTIDAD
C25: 2 | D25: ='PRESUPUESTO OFICIAL'!G16 -> LÍNEAS DE DEMARCACIÓN CON PINTURA PLASTICO EN FRÍO QUE CUMPLA CON LA NORMA NTC 4744. | M25: ='PRESUPUESTO OFICIAL'!H16 -> ml | O25: ='PRESUPUESTO OFICIAL'!I16 -> 3523.2663
C26: I. EQUIPO
C29: DESCRIPCIÓN | H29: MARCA | J29: UNIDAD | L29: TARIFA | M29: RENDIMIENTO | O29: Vr. UNITARIO
C30: HERRAMIENTA MENOR (10% DE M.O.) | L30: =O58*0.1 -> 13.651704 | O30: =L30 -> 13.651704
C31: CAMION DE APOYO | J31: DÍA | L31: 474220 | N31: 5000 | O31: =L31/N31 -> 94.844
C32: MAQUINA DE APLICACIÓN | J32: HORA | L32: 149631 | N32: 2000 | O32: =L32/N32 -> 74.8155
C33: DISPOSITIVOS PARA CIERRE | J33: DÍA | L33: 30000 | N33: 1000 | O33: =L33/N33 -> 30
C34: SUBTOTAL $ | O34: =SUM(O30:O33) -> 213.3112
C35: II. MATERIALES
C38: DESCRIPCIÓN | K38: UNIDAD | L38: CANTIDAD | M38: PRECIO UNIT. | O38: Vr. UNITARIO
C39: PINTURA TIPO TRAFICO | K39: GL | L39: 0.015 | M39: 116748 | O39: =L39*M39 -> 1751.22
C40: MICROESFERAS REFLECTIVAS | K40: KG | L40: 0.04439 | M40: 67609 | O40: =L40*M40 -> 3001.1635
C41: DISOLVENTE THINNER | K41: GL | L41: 0.0004 | M41: 50671 | O41: =L41*M41 -> 20.2684
C42: SUBTOTAL $ | O42: =SUM(O39:O41) -> 4772.6519
C43: III. TRANSPORTES
C46: DESCRIPCION | J46: VOL. o PESO | K46: DISTANCIA | L46: M3 o Ton/Km | M46: TARIFA | O46: Vr. UNITARIO
O49: =SUM(M47:N48) -> 0
C50: IV. MANO DE OBRA
C53: TRABAJADOR | J53: JORNAL | K53: PRESTACIONES | L53: JORNAL TOTAL | M53: RENDIMIENTO | O53: Vr. UNITARIO
C54: OFICIAL (1) AA | J54: 84933 | K54: 2.2 | L54: =+J54*K54 -> 186852.6 | M54: 5000 | O54: =L54/M54 -> 37.37052
C55: AYUDANTE (4) AA | J55: 225333 | K55: 2.2 | L55: =+J55*K55 -> 495732.6 | M55: 5000 | O55: =L55/M55 -> 99.14652
L56: =+J56*K56 -> 0
L57: =+J57*K57 -> 0
C58: SUBTOTAL $ | O58: =O54+O55+O56+O57 -> 136.51704
C59: V. OTROS GASTOS
C62: VIATICOS | J62: CANTIDAD | K62: UND | L62: PRECIO UNITARIO | M62: RENDIMIENTO | O62: Vr. UNITARIO
C68: SUBTOTAL $ | O68: =O63+O64+O65+O67 -> 0
C70: TOTAL COSTO DIRECTO $ | O70: =O34+O42+O49+O68+O58 -> 5122.4802
C71: V. COSTOS INDIRECTOS
C74: Descripción | L74: Porcentaje | M74: Valor Total
C75: ADMINISTRACION | L75: 0.25 | M75: =O70*L75 -> 1280.62
C76: IMPREVISTOS | L76: 0.01 | M76: =L76*O70 -> 51.224802
C77: UTILIDAD | L77: 0.04 | M77: =L77*O70 -> 204.89921
C78: SUBTOTAL $ | O78: =SUM(M75:N77) -> 1536.744
C80: Precio Unitario Total Aproximado al peso $ | O80: =ROUND(O70+O78,0) -> 6659
H84: Firma
H85: Nombre:
H86: Representante Legal del Contratista o su Apoderado
H87: Matricula No. :
C89: OBSERVACIONES INTERVENTORÍA
C93: APROBACIÓN POR INTERVENTORÍA
C94: Nota 1: Cuando se trate de Análisis de precios unitarios correspondientes a ítems de la propuesta económica aprobada, el Interventor aprueba el desglose de los componentes manteniendo el mismo precio unitario de cada ítem, cumpliendo con las especificaciones de construcción vigentes para el proyecto.
C96: Nota 2: Cuando se trate de Análisis de precios unitarios de ítems no previstos, el Interventor aprueba el desglose y precio unitario de cada ítem no previsto, exigiendo la aplicación de los costos correspondientes a insumos y tarifas de la propuesta económica inicial cuando estén contemplados, cumpliendo con las especificaciones de construcción vigente para el proyecto.
H99: Firma
H100: Nombre:
H101: Representante Legal del Interventor o su Apoderado
H102: Matricula No. :

Sheet 3
C3: Formulario 1 - Propuesta económica - Documento tipo de licitación de obra pública de infraestructura de transporte - versión 3
C4: Código | D4: CCE-EICP-FM-14 | E4: Versión | F4: 3
C6: [La entidad podrá utilizar este formato para la presentación de los análisis de precios unitarios el contratista en la oportunidad prevista en el numeral 8.1. del Documento Base]
D9: ALCALDIA DE ZIPAQUIRÁ
L10: VERSIÓN
L12: PÁGINA | M12: 1 | N12: DE | O12: 1
D14: ANALISIS DE PRECIOS UNITARIOS
L16: FECHA | M16: DD | N16: MM | O16: AA
C18: ITEMS DE LA PROPUESTA ECONÓMICA | I18: ITEMS NO PREVISTOS
C22: DATOS ESPECÍFICOS
C24: ITEM | D24: DESCRIPCIÓN | M24: UNIDAD | O24: CANTIDAD
C25: 3 | D25: ='PRESUPUESTO OFICIAL'!G17 -> SUMINISTRO Y APLICACIÓN DE IMPRIMANTE PARA MARCAS VIALES, CON ESPESOR MINIMO DE 110 MICRONES, QUE CUMPLA CON LA NORMA NTC 4744. | M25: ML | O25: ='PRESUPUESTO OFICIAL'!I17 -> 350
C26: I. EQUIPO
C29: DESCRIPCIÓN | H29: MARCA | J29: UNIDAD | L29: TARIFA | M29: RENDIMIENTO | O29: Vr. UNITARIO
C30: HERRAMIENTA MENOR (10% DE M.O.) | L30: =O57*0.1 -> 696.51551 | O30: =L30 -> 696.51551
C31: CAMION DE APOYO | J31: DÍA | L31: 474220 | N31: 5000 | O31: =L31/N31 -> 94.844
C32: MAQUINA DE APLICACIÓN | J32: HORA | L32: 149631 | N32: 2000 | O32: =L32/N32 -> 74.8155
C33: DISPOSITIVOS PARA CIERRE | J33: DÍA | L33: 30000 | N33: 1000 | O33: =L33/N33 -> 30
C34: SUBTOTAL $ | O34: =SUM(O30:O33) -> 896.17501
C35: II. MATERIALES
C38: DESCRIPCIÓN | K38: UNIDAD | L38: CANTIDAD | M38: PRECIO UNIT. | O38: Vr. UNITARIO
C39: IMPRIMANTE ACRILICO | K39: GL | L39: 0.089855 | M39: 111750 | O39: =L39*M39 -> 10041.296
C40: DISOLVENTE THINNER | K40: GL | L40: 0.00315 | M40: 50671 | O40: =L40*M40 -> 159.61365
C41: SUBTOTAL $ | O41: =SUM(O39:O40) -> 10200.91
C42: III. TRANSPORTES
C45: DESCRIPCION | J45: VOL. o PESO | K45: DISTANCIA | L45: M3 o Ton/Km | M45: TARIFA | O45: Vr. UNITARIO
O48: =SUM(M46:N47) -> 0
C49: IV. MANO DE OBRA
C52: TRABAJADOR | J52: JORNAL | K52: PRESTACIONES | L52: JORNAL TOTAL | M52: RENDIMIENTO | O52: Vr. UNITARIO
C53: OFICIAL (1) AA | J53: 84933 | K53: 2.2 | L53: =+J53*K53 -> 186852.6 | M53: 98 | O53: =L53/M53 -> 1906.6592
C54: AYUDANTE (4) AA | J54: 225333 | K54: 2.2 | L54: =+J54*K54 -> 495732.6 | M54: 98 | O54: =L54/M54 -> 5058.4959
L55: =+J55*K55 -> 0
L56: =+J56*K56 -> 0
C57: SUBTOTAL $ | O57: =O53+O54+O55+O56 -> 6965.1551
C58: V. OTROS GASTOS
C61: VIATICOS | J61: CANTIDAD | K61: UND | L61: PRECIO UNITARIO | M61: RENDIMIENTO | O61: Vr. UNITARIO
C67: SUBTOTAL $ | O67: =O62+O63+O64+O66 -> 0
C69: TOTAL COSTO DIRECTO $ | O69: =O34+O41+O48+O67+O57 -> 18062.24
C70: V. COSTOS INDIRECTOS
C73: Descripción | L73: Porcentaje | M73: Valor Total
C74: ADMINISTRACION | L74: 0.25 | M74: =O69*L74 -> 4515.56
C75: IMPREVISTOS | L75: 0.01 | M75: =L75*O69 -> 180.6224
C76: UTILIDAD | L76: 0.04 | M76: =L76*O69 -> 722.4896
C77: SUBTOTAL $ | O77: =SUM(M74:N76) -> 5418.672
C79: Precio Unitario Total Aproximado al peso $ | O79: =ROUND(O69+O77,0) -> 23481
H83: Firma
H84: Nombre:
H85: Representante Legal del Contratista o su Apoderado
H86: Matricula No. :
C88: OBSERVACIONES INTERVENTORÍA
C92: APROBACIÓN POR INTERVENTORÍA
C93: Nota 1: Cuando se trate de Análisis de precios unitarios correspondientes a ítems de la propuesta económica aprobada, el Interventor aprueba el desglose de los componentes manteniendo el mismo precio unitario de cada ítem, cumpliendo con las especificaciones de construcción vigentes para el proyecto.
C95: Nota 2: Cuando se trate de Análisis de precios unitarios de ítems no previstos, el Interventor aprueba el desglose y precio unitario de cada ítem no previsto, exigiendo la aplicación de los costos correspondientes a insumos y tarifas de la propuesta económica inicial cuando estén contemplados, cumpliendo con las especificaciones de construcción vigente para el proyecto.
H98: Firma
H99: Nombre:
H100: Representante Legal del Interventor o su Apoderado
H101: Matricula No. :

Sheet 4
C3: Formulario 1 - Propuesta económica - Documento tipo de licitación de obra pública de infraestructura de transporte - versión 3
C4: Código | D4: CCE-EICP-FM-14 | E4: Versión | F4: 3
C6: [La entidad podrá utilizar este formato para la presentación de los análisis de precios unitarios el contratista en la oportunidad prevista en el numeral 8.1. del Documento Base]
D9: ALCALDIA DE ZIPAQUIRÁ
L10: VERSIÓN
L12: PÁGINA | M12: 1 | N12: DE | O12: 1
D14: ANALISIS DE PRECIOS UNITARIOS
L16: FECHA | M16: DD | N16: MM | O16: AA
C18: ITEMS DE LA PROPUESTA ECONÓMICA | I18: ITEMS NO PREVISTOS
C22: DATOS ESPECÍFICOS
C24: ITEM | D24: DESCRIPCIÓN | M24: UNIDAD | O24: CANTIDAD
C25: 4 | D25: ='PRESUPUESTO OFICIAL'!G18 -> MARCA VIAL CON PINTURA PLASTICO EN FRÍO QUE CUMPLA CON LA NORMA NTC 4744. | M25: ML | O25: ='PRESUPUESTO OFICIAL'!I18 -> 350
C26: I. EQUIPO
C29: DESCRIPCIÓN | H29: MARCA | J29: UNIDAD | L29: TARIFA | M29: RENDIMIENTO | O29: Vr. UNITARIO
C30: HERRAMIENTA MENOR (10% DE M.O.) | L30: =O58*0.1 -> 832.42098 | O30: =L30 -> 832.42098
C31: CAMION DE APOYO | J31: DÍA | L31: 474220 | N31: 90 | O31: =L31/N31 -> 5269.1111
C32: MAQUINA DE APLICACIÓN | J32: HORA | L32: 149631 | N32: 2000 | O32: =L32/N32 -> 74.8155
C33: DISPOSITIVOS PARA CIERRE | J33: DÍA | L33: 30000 | N33: 1000 | O33: =L33/N33 -> 30
C34: SUBTOTAL $ | O34: =SUM(O30:O33) -> 6206.3476
C35: II. MATERIALES
C38: DESCRIPCIÓN | K38: UNIDAD | L38: CANTIDAD | M38: PRECIO UNIT. | O38: Vr. UNITARIO
C39: PINTURA TIPO TRAFICO | K39: GL | L39: 0.09 | M39: 116748 | O39: =L39*M39 -> 10507.32
C40: MICROESFERAS REFLECTIVAS | K40: KG | L40: 0.47 | M40: 67609 | O40: =L40*M40 -> 31776.23
C41: DISOLVENTE THINNER | K41: GL | L41: 0.0043 | M41: 50671 | O41: =L41*M41 -> 217.8853
C42: SUBTOTAL $ | O42: =SUM(O39:O41) -> 42501.435
C43: III. TRANSPORTES
C46: DESCRIPCION | J46: VOL. o PESO | K46: DISTANCIA | L46: M3 o Ton/Km | M46: TARIFA | O46: Vr. UNITARIO
O49: =SUM(M47:N48) -> 0
C50: IV. MANO DE OBRA
C53: TRABAJADOR | J53: JORNAL | K53: PRESTACIONES | L53: JORNAL TOTAL | M53: RENDIMIENTO | O53: Vr. UNITARIO
C54: OFICIAL (1) AA | J54: 84933 | K54: 2.2 | L54: =+J54*K54 -> 186852.6 | M54: 82 | O54: =L54/M54 -> 2278.6902
C55: AYUDANTE (4) AA | J55: 225333 | K55: 2.2 | L55: =+J55*K55 -> 495732.6 | M55: 82 | O55: =L55/M55 -> 6045.5195
L56: =+J56*K56 -> 0
L57: =+J57*K57 -> 0
C58: SUBTOTAL $ | O58: =O54+O55+O56+O57 -> 8324.2098
C59: V. OTROS GASTOS
C62: VIATICOS | J62: CANTIDAD | K62: UND | L62: PRECIO UNITARIO | M62: RENDIMIENTO | O62: Vr. UNITARIO
C66: SUBTOTAL $
C68: TOTAL COSTO DIRECTO $ | O68: =O34+O42+O49+O66+O58 -> 57031.993
C69: V. COSTOS INDIRECTOS
C72: Descripción | L72: Porcentaje | M72: Valor Total
C73: ADMINISTRACION | L73: 0.25 | M73: =O68*L73 -> 14257.998
C74: IMPREVISTOS | L74: 0.01 | M74: =L74*O68 -> 570.31993
C75: UTILIDAD | L75: 0.04 | M75: =L75*O68 -> 2281.2797
C76: SUBTOTAL $ | O76: =SUM(M73:N75) -> 17109.598
C78: Precio Unitario Total Aproximado al peso $ | O78: =ROUND(O68+O76,0) -> 74142
H82: Firma
H83: Nombre:
H84: Representante Legal del Contratista o su Apoderado
H85: Matricula No. :
C87: OBSERVACIONES INTERVENTORÍA
C91: APROBACIÓN POR INTERVENTORÍA
C92: Nota 1: Cuando se trate de Análisis de precios unitarios correspondientes a ítems de la propuesta económica aprobada, el Interventor aprueba el desglose de los componentes manteniendo el mismo precio unitario de cada ítem, cumpliendo con las especificaciones de construcción vigentes para el proyecto.
C94: Nota 2: Cuando se trate de Análisis de precios unitarios de ítems no previstos, el Interventor aprueba el desglose y precio unitario de cada ítem no previsto, exigiendo la aplicación de los costos correspondientes a insumos y tarifas de la propuesta económica inicial cuando estén contemplados, cumpliendo con las especificaciones de construcción vigente para el proyecto.
H97: Firma
H98: Nombre:
H99: Representante Legal del Interventor o su Apoderado
H100: Matricula No. :

Sheet 5
C3: Formulario 1 - Propuesta económica - Documento tipo de licitación de obra pública de infraestructura de transporte - versión 3
C4: Código | D4: CCE-EICP-FM-14 | E4: Versión | F4: 3
C6: [La entidad podrá utilizar este formato para la presentación de los análisis de precios unitarios el contratista en la oportunidad prevista en el numeral 8.1. del Documento Base]
D9: ALCALDIA DE ZIPAQUIRÁ
L10: VERSIÓN
L12: PÁGINA | M12: 1 | N12: DE | O12: 1
D14: ANALISIS DE PRECIOS UNITARIOS
L16: FECHA | M16: DD | N16: MM | O16: AA
C18: ITEMS DE LA PROPUESTA ECONÓMICA | I18: ITEMS NO PREVISTOS
C22: DATOS ESPECÍFICOS
C24: ITEM | D24: DESCRIPCIÓN | M24: UNIDAD | O24: CANTIDAD
C25: 5 | D25: ='PRESUPUESTO OFICIAL'!G19 -> SUMINISTRO E INSTALACION DE TACHAS REFLECTIVAS BIDIRECCIONALES Y UNIDIRECCIONALES | M25: ='PRESUPUESTO OFICIAL'!H19 -> un. | O25: ='PRESUPUESTO OFICIAL'!I19 -> 120
C26: I. EQUIPO
C29: DESCRIPCIÓN | H29: MARCA | J29: UNIDAD | L29: TARIFA | M29: RENDIMIENTO | O29: Vr. UNITARIO
C30: HERRAMIENTA MENOR (10% DE M.O.) | L30: =O55*0.1 -> 247.8663 | O30: =L30 -> 247.8663
C31: CAMION DE APOYO | J31: DÍA | L31: 474220 | N31: 700 | O31: =L31/N31 -> 677.45714
C32: DISPOSITIVOS PARA CIERRE | J32: DÍA | L32: 30000 | N32: 1000 | O32: =L32/N32 -> 30
C33: SUBTOTAL $ | O33: =SUM(O30:O32) -> 955.32344
C34: II. MATERIALES
C37: DESCRIPCIÓN | K37: UNIDAD | L37: CANTIDAD | M37: PRECIO UNIT. | O37: Vr. UNITARIO
C38: TACHAS REFLECTIVAS | K38: UN | L38: 1 | M38: 14000 | O38: =L38*M38 -> 14000
C39: RESINA TERMOPLASTICA | K39: KG | L39: 0.01 | M39: 8600 | O39: =L39*M39 -> 86
C40: SUBTOTAL $ | O40: =SUM(O38:O39) -> 14086
C41: III. TRANSPORTES
C44: DESCRIPCION | J44: VOL. o PESO | K44: DISTANCIA | L44: M3 o Ton/Km | M44: TARIFA | O44: Vr. UNITARIO
O47: =SUM(M45:N46) -> 0
C48: IV. MANO DE OBRA
C51: TRABAJADOR | J51: JORNAL | K51: PRESTACIONES | L51: JORNAL TOTAL | M51: RENDIMIENTO | O51: Vr. UNITARIO
C52: AYUDANTE (2) AA | J52: =S52*2 -> 112666.5 | K52: 2.2 | L52: =+J52*K52 -> 247866.3 | M52: 100 | O52: =L52/M52 -> 2478.663 | S52: 56333.25
L53: =+J53*K53 -> 0
L54: =+J54*K54 -> 0
C55: SUBTOTAL $ | O55: =SUM(O52:O54) -> 2478.663
C56: V. OTROS GASTOS
C59: VIATICOS | J59: CANTIDAD | K59: UND | L59: PRECIO UNITARIO | M59: RENDIMIENTO | O59: Vr. UNITARIO
C65: SUBTOTAL $ | O65: =O60+O61+O62+O64 -> 0
C67: TOTAL COSTO DIRECTO $ | O67: =O33+O40+O47+O65+O55 -> 17519.986
C68: V. COSTOS INDIRECTOS
C71: Descripción | L71: Porcentaje | M71: Valor Total
C72: ADMINISTRACION | L72: 0.25 | M72: =O67*L72 -> 4379.9966
C73: IMPREVISTOS | L73: 0.01 | M73: =L73*O67 -> 175.19986
C74: UTILIDAD | L74: 0.04 | M74: =L74*O67 -> 700.79946
C75: SUBTOTAL $ | O75: =SUM(M72:N74) -> 5255.9959
C77: Precio Unitario Total Aproximado al peso $ | O77: =ROUND(O67+O75,0) -> 22776
H81: Firma
H82: Nombre:
H83: Representante Legal del Contratista o su Apoderado
H84: Matricula No. :
C86: OBSERVACIONES INTERVENTORÍA
C90: APROBACIÓN POR INTERVENTORÍA
C91: Nota 1: Cuando se trate de Análisis de precios unitarios correspondientes a ítems de la propuesta económica aprobada, el Interventor aprueba el desglose de los componentes manteniendo el mismo precio unitario de cada ítem, cumpliendo con las especificaciones de construcción vigentes para el proyecto.
C93: Nota 2: Cuando se trate de Análisis de precios unitarios de ítems no previstos, el Interventor aprueba el desglose y precio unitario de cada ítem no previsto, exigiendo la aplicación de los costos correspondientes a insumos y tarifas de la propuesta económica inicial cuando estén contemplados, cumpliendo con las especificaciones de construcción vigente para el proyecto.
H96: Firma
H97: Nombre:
H98: Representante Legal del Interventor o su Apoderado
H99: Matricula No. :

Sheet 6
C3: Formulario 1 - Propuesta económica - Documento tipo de licitación de obra pública de infraestructura de transporte - versión 3
C4: Código | D4: CCE-EICP-FM-14 | E4: Versión | F4: 3
C6: [La entidad podrá utilizar este formato para la presentación de los análisis de precios unitarios el contratista en la oportunidad prevista en el numeral 8.1. del Documento Base]
D9: ALCALDIA DE ZIPAQUIRÁ
L10: VERSIÓN
L12: PÁGINA | M12: 1 | N12: DE | O12: 1
D14: ANALISIS DE PRECIOS UNITARIOS
L16: FECHA | M16: DD | N16: MM | O16: AA
C18: ITEMS DE LA PROPUESTA ECONÓMICA | I18: ITEMS NO PREVISTOS
C22: DATOS ESPECÍFICOS
C24: ITEM | D24: DESCRIPCIÓN | M24: UNIDAD | O24: CANTIDAD
C25: 6 | D25: ='PRESUPUESTO OFICIAL'!G20 -> LIMPIEZA DE BORDE DE VIA DEL TRAMO VIAL | M25: ='PRESUPUESTO OFICIAL'!H20 -> ml | O25: ='PRESUPUESTO OFICIAL'!I20 -> 100
C26: I. EQUIPO
C29: DESCRIPCIÓN | H29: MARCA | J29: UNIDAD | L29: TARIFA | M29: RENDIMIENTO | O29: Vr. UNITARIO
C30: HERRAMIENTA MENOR (10% DE M.O.) | L30: =O55*0.1 -> 70.818943 | O30: =L30 -> 70.818943
C31: CAMION DE APOYO | J31: DÍA | L31: 474220 | N31: 707 | O31: =L31/N31 -> 670.74965
C32: DISPOSITIVOS PARA CIERRE | J32: DÍA | L32: 30000 | N32: 1500 | O32: =L32/N32 -> 20
C33: SUBTOTAL $ | O33: =SUM(O30:O32) -> 761.56859
C37: DESCRIPCIÓN | K37: UNIDAD | L37: CANTIDAD | M37: PRECIO UNIT. | O37: Vr. UNITARIO
C40: SUBTOTAL $ | O40: =SUM(O38:O39) -> 0
C41: III. TRANSPORTES
C44: DESCRIPCION | J44: VOL. o PESO | K44: DISTANCIA | L44: M3 o Ton/Km | M44: TARIFA | O44: Vr. UNITARIO
O47: =SUM(M45:N46) -> 0
C48: IV. MANO DE OBRA
C51: TRABAJADOR | J51: JORNAL | K51: PRESTACIONES | L51: JORNAL TOTAL | M51: RENDIMIENTO | O51: Vr. UNITARIO
C52: AYUDANTE (2) AA | J52: =S52*2 -> 112666.5 | K52: 2.2 | L52: =+J52*K52 -> 247866.3 | M52: 350 | O52: =L52/M52 -> 708.18943 | S52: 56333.25
L53: =+J53*K53 -> 0
L54: =+J54*K54 -> 0
C55: SUBTOTAL $ | O55: =SUM(O52:O54) -> 708.18943
C56: V. OTROS GASTOS
C59: VIATICOS | J59: CANTIDAD | K59: UND | L59: PRECIO UNITARIO | M59: RENDIMIENTO | O59: Vr. UNITARIO
C65: SUBTOTAL $ | O65: =O60+O61+O62+O64 -> 0
C67: TOTAL COSTO DIRECTO $ | O67: =O33+O40+O47+O65+O55 -> 1469.758
C68: V. COSTOS INDIRECTOS
C71: Descripción | L71: Porcentaje | M71: Valor Total
C72: ADMINISTRACION | L72: 0.25 | M72: =O67*L72 -> 367.4395
C73: IMPREVISTOS | L73: 0.01 | M73: =L73*O67 -> 14.69758
C74: UTILIDAD | L74: 0.04 | M74: =L74*O67 -> 58.790321
C75: SUBTOTAL $ | O75: =SUM(M72:N74) -> 440.92741
C77: Precio Unitario Total Aproximado al peso $ | O77: =ROUND(O67+O75,0) -> 1911
H81: Firma
H82: Nombre:
H83: Representante Legal del Contratista o su Apoderado
H84: Matricula No. :
C86: OBSERVACIONES INTERVENTORÍA
C90: APROBACIÓN POR INTERVENTORÍA
C91: Nota 1: Cuando se trate de Análisis de precios unitarios correspondientes a ítems de la propuesta económica aprobada, el Interventor aprueba el desglose de los componentes manteniendo el mismo precio unitario de cada ítem, cumpliendo con las especificaciones de construcción vigentes para el proyecto.
C93: Nota 2: Cuando se trate de Análisis de precios unitarios de ítems no previstos, el Interventor aprueba el desglose y precio unitario de cada ítem no previsto, exigiendo la aplicación de los costos correspondientes a insumos y tarifas de la propuesta económica inicial cuando estén contemplados, cumpliendo con las especificaciones de construcción vigente para el proyecto.
H96: Firma
H97: Nombre:
H98: Representante Legal del Interventor o su Apoderado
H99: Matricula No. :

Sheet 7
C3: Formulario 1 - Propuesta económica - Documento tipo de licitación de obra pública de infraestructura de transporte - versión 3
C4: Código | D4: CCE-EICP-FM-14 | E4: Versión | F4: 3
C6: [La entidad podrá utilizar este formato para la presentación de los análisis de precios unitarios el contratista en la oportunidad prevista en el numeral 8.1. del Documento Base]
D9: ALCALDIA DE ZIPAQUIRÁ
L10: VERSIÓN
L12: PÁGINA | M12: 1 | N12: DE | O12: 1
D14: ANALISIS DE PRECIOS UNITARIOS
L16: FECHA | M16: DD | N16: MM | O16: AA
C18: ITEMS DE LA PROPUESTA ECONÓMICA | I18: ITEMS NO PREVISTOS
C22: DATOS ESPECÍFICOS
C24: ITEM | D24: DESCRIPCIÓN | M24: UNIDAD | O24: CANTIDAD
C25: 7 | D25: ='PRESUPUESTO OFICIAL'!G21 -> BORRADO MECANICO DE DEMARCACIONES | M25: ='PRESUPUESTO OFICIAL'!H21 -> un. | O25: ='PRESUPUESTO OFICIAL'!I21 -> 100
C26: I. EQUIPO
C29: DESCRIPCIÓN | H29: MARCA | J29: UNIDAD | L29: TARIFA | M29: RENDIMIENTO | O29: Vr. UNITARIO
C30: HERRAMIENTA MENOR (10% DE M.O.) | L30: =O57*0.1 -> 425.73315 | O30: =L30 -> 425.73315
C31: CAMION DE APOYO | J31: DÍA | L31: 474220 | N31: 5000 | O31: =L31/N31 -> 94.844
C32: MAQUINA DE APLICACIÓN | J32: HORA | L32: 149631 | N32: 2000 | O32: =L32/N32 -> 74.8155
C33: DISPOSITIVOS PARA CIERRE | J33: DÍA | L33: 30000 | N33: 1000 | O33: =L33/N33 -> 30
C34: SUBTOTAL $ | O34: =SUM(O30:O33) -> 625.39265
C35: II. MATERIALES
C38: DESCRIPCIÓN | K38: UNIDAD | L38: CANTIDAD | M38: PRECIO UNIT. | O38: Vr. UNITARIO
C39: IMPRIMANTE ACRILICO | K39: GL | L39: 0.02495 | M39: 111750 | O39: =L39*M39 -> 2788.1625
C41: SUBTOTAL $ | O41: =SUM(O39:O40) -> 2788.1625
C42: III. TRANSPORTES
C45: DESCRIPCION | J45: VOL. o PESO | K45: DISTANCIA | L45: M3 o Ton/Km | M45: TARIFA | O45: Vr. UNITARIO
O48: =SUM(M46:N47) -> 0
C49: IV. MANO DE OBRA
C52: TRABAJADOR | J52: JORNAL | K52: PRESTACIONES | L52: JORNAL TOTAL | M52: RENDIMIENTO | O52: Vr. UNITARIO
C53: OFICIAL (1) AA | J53: 84933 | K53: 2.2 | L53: =+J53*K53 -> 186852.6 | M53: 73 | O53: =L53/M53 -> 2559.6247
C54: AYUDANTE (1) AA | J54: =56333 -> 56333 | K54: 2.2 | L54: =+J54*K54 -> 123932.6 | M54: 73 | O54: =L54/M54 -> 1697.7068
L55: =+J55*K55 -> 0
L56: =+J56*K56 -> 0
C57: SUBTOTAL $ | O57: =O53+O54+O55+O56 -> 4257.3315
C58: V. OTROS GASTOS
C61: VIATICOS | J61: CANTIDAD | K61: UND | L61: PRECIO UNITARIO | M61: RENDIMIENTO | O61: Vr. UNITARIO
C67: SUBTOTAL $ | O67: =O62+O63+O64+O66 -> 0
C69: TOTAL COSTO DIRECTO $ | O69: =O34+O41+O48+O67+O57 -> 7670.8867
C70: V. COSTOS INDIRECTOS
C73: Descripción | L73: Porcentaje | M73: Valor Total
C74: ADMINISTRACION | L74: 0.25 | M74: =O69*L74 -> 1917.7217
C75: IMPREVISTOS | L75: 0.01 | M75: =L75*O69 -> 76.708867
C76: UTILIDAD | L76: 0.04 | M76: =L76*O69 -> 306.83547
C77: SUBTOTAL $ | O77: =SUM(M74:N76) -> 2301.266
C79: Precio Unitario Total Aproximado al peso $ | O79: =ROUND(O69+O77,0) -> 9972
H83: Firma
H84: Nombre:
H85: Representante Legal del Contratista o su Apoderado
H86: Matricula No. :
C88: OBSERVACIONES INTERVENTORÍA
C92: APROBACIÓN POR INTERVENTORÍA
C93: Nota 1: Cuando se trate de Análisis de precios unitarios correspondientes a ítems de la propuesta económica aprobada, el Interventor aprueba el desglose de los componentes manteniendo el mismo precio unitario de cada ítem, cumpliendo con las especificaciones de construcción vigentes para el proyecto.
C95: Nota 2: Cuando se trate de Análisis de precios unitarios de ítems no previstos, el Interventor aprueba el desglose y precio unitario de cada ítem no previsto, exigiendo la aplicación de los costos correspondientes a insumos y tarifas de la propuesta económica inicial cuando estén contemplados, cumpliendo con las especificaciones de construcción vigente para el proyecto.
H98: Firma
H99: Nombre:
H100: Representante Legal del Interventor o su Apoderado
H101: Matricula No. :

Sheet 8
C3: Formulario 1 - Propuesta económica - Documento tipo de licitación de obra pública de infraestructura de transporte - versión 3
C4: Código | D4: CCE-EICP-FM-14 | E4: Versión | F4: 3
C6: [La entidad podrá utilizar este formato para la presentación de los análisis de precios unitarios el contratista en la oportunidad prevista en el numeral 8.1. del Documento Base]
D9: ALCALDIA DE ZIPAQUIRÁ
L10: VERSIÓN
L12: PÁGINA | M12: 1 | N12: DE | O12: 1
D14: ANALISIS DE PRECIOS UNITARIOS
L16: FECHA | M16: DD | N16: MM | O16: AA
C18: ITEMS DE LA PROPUESTA ECONÓMICA | I18: ITEMS NO PREVISTOS
C22: DATOS ESPECÍFICOS
C24: ITEM | D24: DESCRIPCIÓN | M24: UNIDAD | O24: CANTIDAD
C25: 8 | D25: ='PRESUPUESTO OFICIAL'!G22 -> SUMINISTRO E INSTALACION DE SEÑALES VERTICALES SP,SR,SI DE 60 X 60 CM CON TABLERO LAMINA GALVANIZADA CAL.16 REFLECTIVIDAD TIPO IV, POSTE DE 3,50MTS. NORMA 4769 | M25: ='PRESUPUESTO OFICIAL'!H22 -> un. | O25: ='PRESUPUESTO OFICIAL'!I22 -> 24
C26: I. EQUIPO
C29: DESCRIPCIÓN | H29: MARCA | J29: UNIDAD | L29: TARIFA | M29: RENDIMIENTO | O29: Vr. UNITARIO
C30: HERRAMIENTA MENOR (10% DE M.O.) | L30: =O58*0.1 -> 4439.7886 | O30: =L30 -> 4439.7886
C31: CAMION DE APOYO | J31: DÍA | L31: 474000 | N31: 12 | O31: =L31/N31 -> 39500
C34: SUBTOTAL $ | O34: =SUM(O30:O33) -> 43939.789
C35: II. MATERIALES
C38: DESCRIPCIÓN | K38: UNIDAD | L38: CANTIDAD | M38: PRECIO UNIT. | O38: Vr. UNITARIO
C39: CONOS DE SEÑALIZACION H=1M | K39: UN | L39: 0.01001 | M39: 156894 | O39: =L39*M39 -> 1570.5089
C40: MORTERO 1:3 ELABORADO EN OBRA | K40: M3 | L40: 0.01 | M40: 512961 | O40: =L40*M40 -> 5129.61
C41: SEÑAL DE TRANSITO GRUPO I 0,6x0,6x3.5M | K41: UN | L41: 1 | M41: 403000 | O41: =L41*M41 -> 403000
C42: SUBTOTAL $ | O42: =SUM(O39:O41) -> 409700.12
C43: III. TRANSPORTES
C46: DESCRIPCION | J46: VOL. o PESO | K46: DISTANCIA | L46: M3 o Ton/Km | M46: TARIFA | O46: Vr. UNITARIO
O49: =SUM(M47:N48) -> 0
C50: IV. MANO DE OBRA
C53: TRABAJADOR | J53: JORNAL | K53: PRESTACIONES | L53: JORNAL TOTAL | M53: RENDIMIENTO | O53: Vr. UNITARIO
C54: OFICIAL (1) AA | J54: 84933 | K54: 2.2 | L54: =+J54*K54 -> 186852.6 | M54: 7 | O54: =L54/M54 -> 26693.229
C55: AYUDANTE (1) AA | J55: =56333 -> 56333 | K55: 2.2 | L55: =+J55*K55 -> 123932.6 | M55: 7 | O55: =L55/M55 -> 17704.657
L56: =+J56*K56 -> 0
L57: =+J57*K57 -> 0
C58: SUBTOTAL $ | O58: =O54+O55+O56+O57 -> 44397.886
C59: V. OTROS GASTOS
C62: VIATICOS | J62: CANTIDAD | K62: UND | L62: PRECIO UNITARIO | M62: RENDIMIENTO | O62: Vr. UNITARIO
C68: SUBTOTAL $ | O68: =O63+O64+O65+O67 -> 0
C70: TOTAL COSTO DIRECTO $ | O70: =O34+O42+O49+O68+O58 -> 498037.79
C71: V. COSTOS INDIRECTOS
C74: Descripción | L74: Porcentaje | M74: Valor Total
C75: ADMINISTRACION | L75: 0.25 | M75: =O70*L75 -> 124509.45
C76: IMPREVISTOS | L76: 0.01 | M76: =L76*O70 -> 4980.3779
C77: UTILIDAD | L77: 0.04 | M77: =L77*O70 -> 19921.512
C78: SUBTOTAL $ | O78: =SUM(M75:N77) -> 149411.34
C80: Precio Unitario Total Aproximado al peso $ | O80: =ROUND(O70+O78,0) -> 647449
H84: Firma
H85: Nombre:
H86: Representante Legal del Contratista o su Apoderado
H87: Matricula No. :
C89: OBSERVACIONES INTERVENTORÍA
C93: APROBACIÓN POR INTERVENTORÍA
C94: Nota 1: Cuando se trate de Análisis de precios unitarios correspondientes a ítems de la propuesta económica aprobada, el Interventor aprueba el desglose de los componentes manteniendo el mismo precio unitario de cada ítem, cumpliendo con las especificaciones de construcción vigentes para el proyecto.
C96: Nota 2: Cuando se trate de Análisis de precios unitarios de ítems no previstos, el Interventor aprueba el desglose y precio unitario de cada ítem no previsto, exigiendo la aplicación de los costos correspondientes a insumos y tarifas de la propuesta económica inicial cuando estén contemplados, cumpliendo con las especificaciones de construcción vigente para el proyecto.
H99: Firma
H100: Nombre:
H101: Representante Legal del Interventor o su Apoderado
H102: Matricula No. :

Sheet 9
C3: Formulario 1 - Propuesta económica - Documento tipo de licitación de obra pública de infraestructura de transporte - versión 3
C4: Código | D4: CCE-EICP-FM-14 | E4: Versión | F4: 3
C6: [La entidad podrá utilizar este formato para la presentación de los análisis de precios unitarios el contratista en la oportunidad prevista en el numeral 8.1. del Documento Base]
D9: ALCALDIA DE ZIPAQUIRÁ
L10: VERSIÓN
L12: PÁGINA | M12: 1 | N12: DE | O12: 1
D14: ANALISIS DE PRECIOS UNITARIOS
L16: FECHA | M16: DD | N16: MM | O16: AA
C18: ITEMS DE LA PROPUESTA ECONÓMICA | I18: ITEMS NO PREVISTOS
C22: DATOS ESPECÍFICOS
C24: ITEM | D24: DESCRIPCIÓN | M24: UNIDAD | O24: CANTIDAD
C25: ='PRESUPUESTO OFICIAL'!C23 -> 9 | D25: ='PRESUPUESTO OFICIAL'!G23 -> SUMINISTRO E INSTALACION DE SEÑALES VERTICALES DE 60 X 60CMS TABLERO LAMINA GAL. CAL. 16 REFLECTIVIDAD TIPO IV , (SP 47, SP-47A , SP-47B Y SP-59B) VERDE LIMON POSTE DE 3,50MTS | M25: ='PRESUPUESTO OFICIAL'!H23 -> un. | O25: ='PRESUPUESTO OFICIAL'!I23 -> 8
C26: I. EQUIPO
C29: DESCRIPCIÓN | H29: MARCA | J29: UNIDAD | L29: TARIFA | M29: RENDIMIENTO | O29: Vr. UNITARIO
C30: HERRAMIENTA MENOR (10% DE M.O.) | L30: =O58*0.1 -> 4439.7886 | O30: =L30 -> 4439.7886
C31: CAMION DE APOYO | J31: DÍA | L31: 474000 | N31: 12 | O31: =L31/N31 -> 39500
C34: SUBTOTAL $ | O34: =SUM(O30:O33) -> 43939.789
C35: II. MATERIALES
C38: DESCRIPCIÓN | K38: UNIDAD | L38: CANTIDAD | M38: PRECIO UNIT. | O38: Vr. UNITARIO
C39: CONOS DE SEÑALIZACION H=1M | K39: UN | L39: 0.01001 | M39: 156894 | O39: =L39*M39 -> 1570.5089
C40: MORTERO 1:3 ELABORADO EN OBRA | K40: M3 | L40: 0.01 | M40: 512961 | O40: =L40*M40 -> 5129.61
C41: SEÑAL DE TRANSITO GRUPO I 0,6x0,6x3.5M VERDE LIMON | K41: UN | L41: 1 | M41: 460731.5 | O41: =L41*M41 -> 460731.5
C42: SUBTOTAL $ | O42: =SUM(O39:O41) -> 467431.62
C43: III. TRANSPORTES
C46: DESCRIPCION | J46: VOL. o PESO | K46: DISTANCIA | L46: M3 o Ton/Km | M46: TARIFA | O46: Vr. UNITARIO
O49: =SUM(M47:N48) -> 0
C50: IV. MANO DE OBRA
C53: TRABAJADOR | J53: JORNAL | K53: PRESTACIONES | L53: JORNAL TOTAL | M53: RENDIMIENTO | O53: Vr. UNITARIO
C54: OFICIAL (1) AA | J54: 84933 | K54: 2.2 | L54: =+J54*K54 -> 186852.6 | M54: 7 | O54: =L54/M54 -> 26693.229
C55: AYUDANTE (1) AA | J55: =56333 -> 56333 | K55: 2.2 | L55: =+J55*K55 -> 123932.6 | M55: 7 | O55: =L55/M55 -> 17704.657
L56: =+J56*K56 -> 0
L57: =+J57*K57 -> 0
C58: SUBTOTAL $ | O58: =O54+O55+O56+O57 -> 44397.886
C59: V. OTROS GASTOS
C62: VIATICOS | J62: CANTIDAD | K62: UND | L62: PRECIO UNITARIO | M62: RENDIMIENTO | O62: Vr. UNITARIO
C68: SUBTOTAL $ | O68: =O63+O64+O65+O67 -> 0
C70: TOTAL COSTO DIRECTO $ | O70: =O34+O42+O49+O68+O58 -> 555769.29
C71: V. COSTOS INDIRECTOS
C74: Descripción | L74: Porcentaje | M74: Valor Total
C75: ADMINISTRACION | L75: 0.25 | M75: =O70*L75 -> 138942.32
C76: IMPREVISTOS | L76: 0.01 | M76: =L76*O70 -> 5557.6929
C77: UTILIDAD | L77: 0.04 | M77: =L77*O70 -> 22230.772
C78: SUBTOTAL $ | O78: =SUM(M75:N77) -> 166730.79
C80: Precio Unitario Total Aproximado al peso $ | O80: =ROUND(O70+O78,0) -> 722500
H84: Firma
H85: Nombre:
H86: Representante Legal del Contratista o su Apoderado
H87: Matricula No. :
C89: OBSERVACIONES INTERVENTORÍA
C93: APROBACIÓN POR INTERVENTORÍA
C94: Nota 1: Cuando se trate de Análisis de precios unitarios correspondientes a ítems de la propuesta económica aprobada, el Interventor aprueba el desglose de los componentes manteniendo el mismo precio unitario de cada ítem, cumpliendo con las especificaciones de construcción vigentes para el proyecto.
C96: Nota 2: Cuando se trate de Análisis de precios unitarios de ítems no previstos, el Interventor aprueba el desglose y precio unitario de cada ítem no previsto, exigiendo la aplicación de los costos correspondientes a insumos y tarifas de la propuesta económica inicial cuando estén contemplados, cumpliendo con las especificaciones de construcción vigente para el proyecto.
H99: Firma
H100: Nombre:
H101: Representante Legal del Interventor o su Apoderado
H102: Matricula No. :

Sheet 10
C3: Formulario 1 - Propuesta económica - Documento tipo de licitación de obra pública de infraestructura de transporte - versión 3
C4: Código | D4: CCE-EICP-FM-14 | E4: Versión | F4: 3
C6: [La entidad podrá utilizar este formato para la presentación de los análisis de precios unitarios el contratista en la oportunidad prevista en el numeral 8.1. del Documento Base]
D9: ALCALDIA DE ZIPAQUIRÁ
L10: VERSIÓN
L12: PÁGINA | M12: 1 | N12: DE | O12: 1
D14: ANALISIS DE PRECIOS UNITARIOS
L16: FECHA | M16: DD | N16: MM | O16: AA
C18: ITEMS DE LA PROPUESTA ECONÓMICA | I18: ITEMS NO PREVISTOS
C22: DATOS ESPECÍFICOS
C24: ITEM | D24: DESCRIPCIÓN | M24: UNIDAD | O24: CANTIDAD
C25: ='PRESUPUESTO OFICIAL'!C24 -> 10 | D25: ='PRESUPUESTO OFICIAL'!G24 -> SUMINISTRO E INSTALACION DE SEÑALES VERTICALES SP,SR,SI DE 60 X 60 CM CON TABLERO LAMINA GALVANIZADA CAL.16 DUPLEX REFLECTIVIDAD TIPO IV, POSTE DE 3,50MTS. NORMA 4769 | M25: ='PRESUPUESTO OFICIAL'!H24 -> un. | O25: ='PRESUPUESTO OFICIAL'!I24 -> 8
C26: I. EQUIPO
C29: DESCRIPCIÓN | H29: MARCA | J29: UNIDAD | L29: TARIFA | M29: RENDIMIENTO | O29: Vr. UNITARIO
C30: HERRAMIENTA MENOR (10% DE M.O.) | L30: =O58*0.1 -> 4439.7886 | O30: =L30 -> 4439.7886
C31: CAMION DE APOYO | J31: DÍA | L31: 474000 | N31: 12 | O31: =L31/N31 -> 39500
C34: SUBTOTAL $ | O34: =SUM(O30:O33) -> 43939.789
C35: II. MATERIALES
C38: DESCRIPCIÓN | K38: UNIDAD | L38: CANTIDAD | M38: PRECIO UNIT. | O38: Vr. UNITARIO
C39: CONOS DE SEÑALIZACION H=1M | K39: UN | L39: 0.01001 | M39: 156894 | O39: =L39*M39 -> 1570.5089
C40: MORTERO 1:3 ELABORADO EN OBRA | K40: M3 | L40: 0.01 | M40: 512961 | O40: =L40*M40 -> 5129.61
C41: SEÑAL DE TRANSITO DUPLEX GRUPO I 0,6x0,6x3.5M | K41: UN | L41: 1 | M41: 487270 | O41: =L41*M41 -> 487270
C42: SUBTOTAL $ | O42: =SUM(O39:O41) -> 493970.12
C43: III. TRANSPORTES
C46: DESCRIPCION | J46: VOL. o PESO | K46: DISTANCIA | L46: M3 o Ton/Km | M46: TARIFA | O46: Vr. UNITARIO
O49: =SUM(M47:N48) -> 0
C50: IV. MANO DE OBRA
C53: TRABAJADOR | J53: JORNAL | K53: PRESTACIONES | L53: JORNAL TOTAL | M53: RENDIMIENTO | O53: Vr. UNITARIO
C54: OFICIAL (1) AA | J54: 84933 | K54: 2.2 | L54: =+J54*K54 -> 186852.6 | M54: 7 | O54: =L54/M54 -> 26693.229
C55: AYUDANTE (1) AA | J55: =56333 -> 56333 | K55: 2.2 | L55: =+J55*K55 -> 123932.6 | M55: 7 | O55: =L55/M55 -> 17704.657
L56: =+J56*K56 -> 0
L57: =+J57*K57 -> 0
C58: SUBTOTAL $ | O58: =O54+O55+O56+O57 -> 44397.886
C59: V. OTROS GASTOS
C62: VIATICOS | J62: CANTIDAD | K62: UND | L62: PRECIO UNITARIO | M62: RENDIMIENTO | O62: Vr. UNITARIO
C68: SUBTOTAL $ | O68: =O63+O64+O65+O67 -> 0
C70: TOTAL COSTO DIRECTO $ | O70: =O34+O42+O49+O68+O58 -> 582307.79
C71: V. COSTOS INDIRECTOS
C74: Descripción | L74: Porcentaje | M74: Valor Total
C75: ADMINISTRACION | L75: 0.25 | M75: =O70*L75 -> 145576.95
C76: IMPREVISTOS | L76: 0.01 | M76: =L76*O70 -> 5823.0779
C77: UTILIDAD | L77: 0.04 | M77: =L77*O70 -> 23292.312
C78: SUBTOTAL $ | O78: =SUM(M75:N77) -> 174692.34
C80: Precio Unitario Total Aproximado al peso $ | O80: =ROUND(O70+O78,0) -> 757000
H84: Firma
H85: Nombre:
H86: Representante Legal del Contratista o su Apoderado
H87: Matricula No. :
C89: OBSERVACIONES INTERVENTORÍA
C93: APROBACIÓN POR INTERVENTORÍA
C94: Nota 1: Cuando se trate de Análisis de precios unitarios correspondientes a ítems de la propuesta económica aprobada, el Interventor aprueba el desglose de los componentes manteniendo el mismo precio unitario de cada ítem, cumpliendo con las especificaciones de construcción vigentes para el proyecto.
C96: Nota 2: Cuando se trate de Análisis de precios unitarios de ítems no previstos, el Interventor aprueba el desglose y precio unitario de cada ítem no previsto, exigiendo la aplicación de los costos correspondientes a insumos y tarifas de la propuesta económica inicial cuando estén contemplados, cumpliendo con las especificaciones de construcción vigente para el proyecto.
H99: Firma
H100: Nombre:
H101: Representante Legal del Interventor o su Apoderado
H102: Matricula No. :

Sheet 11
C3: Formulario 1 - Propuesta económica - Documento tipo de licitación de obra pública de infraestructura de transporte - versión 3
C4: Código | D4: CCE-EICP-FM-14 | E4: Versión | F4: 3
C6: [La entidad podrá utilizar este formato para la presentación de los análisis de precios unitarios el contratista en la oportunidad prevista en el numeral 8.1. del Documento Base]
D9: ALCALDIA DE ZIPAQUIRÁ
L10: VERSIÓN
L12: PÁGINA | M12: 1 | N12: DE | O12: 1
D14: ANALISIS DE PRECIOS UNITARIOS
L16: FECHA | M16: DD | N16: MM | O16: AA
C18: ITEMS DE LA PROPUESTA ECONÓMICA | I18: ITEMS NO PREVISTOS
C22: DATOS ESPECÍFICOS
C24: ITEM | D24: DESCRIPCIÓN | M24: UNIDAD | O24: CANTIDAD
C25: ='PRESUPUESTO OFICIAL'!C25 -> 11 | D25: ='PRESUPUESTO OFICIAL'!G25 -> SUMINISTRO E INSTLACION SEÑALES VERTICALES SR-38 Y SR-39, LAMINA GALVANIZADA, CALIBRE 16, REFLECTIVIDAD TIPO IV, ADOSADAS A LA PARED | M25: ='PRESUPUESTO OFICIAL'!H25 -> un. | O25: ='PRESUPUESTO OFICIAL'!I25 -> 5
C26: I. EQUIPO
C29: DESCRIPCIÓN | H29: MARCA | J29: UNIDAD | L29: TARIFA | M29: RENDIMIENTO | O29: Vr. UNITARIO
C30: HERRAMIENTA MENOR (10% DE M.O.) | L30: =O58*0.1 -> 1035.9507 | O30: =L30 -> 1035.9507
C31: CAMION DE APOYO | J31: DÍA | L31: 474000 | N31: 60 | O31: =L31/N31 -> 7900
C34: SUBTOTAL $ | O34: =SUM(O30:O33) -> 8935.9507
C35: II. MATERIALES
C38: DESCRIPCIÓN | K38: UNIDAD | L38: CANTIDAD | M38: PRECIO UNIT. | O38: Vr. UNITARIO
C39: SEÑAL SR38 - SR39 | K39: UN | L39: 1 | M39: 62296 | O39: =L39*M39 -> 62296
C42: SUBTOTAL $ | O42: =SUM(O39:O41) -> 62296
C43: III. TRANSPORTES
C46: DESCRIPCION | J46: VOL. o PESO | K46: DISTANCIA | L46: M3 o Ton/Km | M46: TARIFA | O46: Vr. UNITARIO
O49: =SUM(M47:N48) -> 0
C50: IV. MANO DE OBRA
C53: TRABAJADOR | J53: JORNAL | K53: PRESTACIONES | L53: JORNAL TOTAL | M53: RENDIMIENTO | O53: Vr. UNITARIO
C54: OFICIAL (1) AA | J54: 84933 | K54: 2.2 | L54: =+J54*K54 -> 186852.6 | M54: 30 | O54: =L54/M54 -> 6228.42
C55: AYUDANTE (1) AA | J55: =56333 -> 56333 | K55: 2.2 | L55: =+J55*K55 -> 123932.6 | M55: 30 | O55: =L55/M55 -> 4131.0867
L56: =+J56*K56 -> 0
L57: =+J57*K57 -> 0
C58: SUBTOTAL $ | O58: =O54+O55+O56+O57 -> 10359.507
C59: V. OTROS GASTOS
C62: VIATICOS | J62: CANTIDAD | K62: UND | L62: PRECIO UNITARIO | M62: RENDIMIENTO | O62: Vr. UNITARIO
C68: SUBTOTAL $ | O68: =O63+O64+O65+O67 -> 0
C70: TOTAL COSTO DIRECTO $ | O70: =O34+O42+O49+O68+O58 -> 81591.457
C71: V. COSTOS INDIRECTOS
C74: Descripción | L74: Porcentaje | M74: Valor Total
C75: ADMINISTRACION | L75: 0.25 | M75: =O70*L75 -> 20397.864
C76: IMPREVISTOS | L76: 0.01 | M76: =L76*O70 -> 815.91457
C77: UTILIDAD | L77: 0.04 | M77: =L77*O70 -> 3263.6583
C78: SUBTOTAL $ | O78: =SUM(M75:N77) -> 24477.437
C80: Precio Unitario Total Aproximado al peso $ | O80: =ROUND(O70+O78,0) -> 106069
H84: Firma
H85: Nombre:
H86: Representante Legal del Contratista o su Apoderado
H87: Matricula No. :
C89: OBSERVACIONES INTERVENTORÍA
C93: APROBACIÓN POR INTERVENTORÍA
C94: Nota 1: Cuando se trate de Análisis de precios unitarios correspondientes a ítems de la propuesta económica aprobada, el Interventor aprueba el desglose de los componentes manteniendo el mismo precio unitario de cada ítem, cumpliendo con las especificaciones de construcción vigentes para el proyecto.
C96: Nota 2: Cuando se trate de Análisis de precios unitarios de ítems no previstos, el Interventor aprueba el desglose y precio unitario de cada ítem no previsto, exigiendo la aplicación de los costos correspondientes a insumos y tarifas de la propuesta económica inicial cuando estén contemplados, cumpliendo con las especificaciones de construcción vigente para el proyecto.
H99: Firma
H100: Nombre:
H101: Representante Legal del Interventor o su Apoderado
H102: Matricula No. :

Sheet 12
C3: Formulario 1 - Propuesta económica - Documento tipo de licitación de obra pública de infraestructura de transporte - versión 3
C4: Código | D4: CCE-EICP-FM-14 | E4: Versión | F4: 3
C6: [La entidad podrá utilizar este formato para la presentación de los análisis de precios unitarios el contratista en la oportunidad prevista en el numeral 8.1. del Documento Base]
D9: ALCALDIA DE ZIPAQUIRÁ
L10: VERSIÓN
L12: PÁGINA | M12: 1 | N12: DE | O12: 1
D14: ANALISIS DE PRECIOS UNITARIOS
L16: FECHA | M16: DD | N16: MM | O16: AA
C18: ITEMS DE LA PROPUESTA ECONÓMICA | I18: ITEMS NO PREVISTOS
C22: DATOS ESPECÍFICOS
C24: ITEM | D24: DESCRIPCIÓN | M24: UNIDAD | O24: CANTIDAD
C25: ='PRESUPUESTO OFICIAL'!C26 -> 12 | D25: ='PRESUPUESTO OFICIAL'!G26 -> SUMINISTRO E INSTLACION SEÑALES VERTICALES SR-38 Y SR-39, LAMINA GALVANIZADA REFLECTIVIDAD TIPO IV, CON PEDESTAL. | M25: ='PRESUPUESTO OFICIAL'!H26 -> un. | O25: ='PRESUPUESTO OFICIAL'!I26 -> 2
C26: I. EQUIPO
C29: DESCRIPCIÓN | H29: MARCA | J29: UNIDAD | L29: TARIFA | M29: RENDIMIENTO | O29: Vr. UNITARIO
C30: HERRAMIENTA MENOR (10% DE M.O.) | L30: =O58*0.1 -> 1726.5844 | O30: =L30 -> 1726.5844
C31: CAMION DE APOYO | J31: DÍA | L31: 474000 | N31: 25 | O31: =L31/N31 -> 18960
C34: SUBTOTAL $ | O34: =SUM(O30:O33) -> 20686.584
C35: II. MATERIALES
C38: DESCRIPCIÓN | K38: UNIDAD | L38: CANTIDAD | M38: PRECIO UNIT. | O38: Vr. UNITARIO
C39: SEÑAL CON PEDESTAL SR38 - SR39 | K39: UN | L39: 1 | M39: 221085 | O39: =L39*M39 -> 221085
C42: SUBTOTAL $ | O42: =SUM(O39:O41) -> 221085
C43: III. TRANSPORTES
C46: DESCRIPCION | J46: VOL. o PESO | K46: DISTANCIA | L46: M3 o Ton/Km | M46: TARIFA | O46: Vr. UNITARIO
O49: =SUM(M47:N48) -> 0
C50: IV. MANO DE OBRA
C53: TRABAJADOR | J53: JORNAL | K53: PRESTACIONES | L53: JORNAL TOTAL | M53: RENDIMIENTO | O53: Vr. UNITARIO
C54: OFICIAL (1) AA | J54: 84933 | K54: 2.2 | L54: =+J54*K54 -> 186852.6 | M54: 18 | O54: =L54/M54 -> 10380.7
C55: AYUDANTE (1) AA | J55: =56333 -> 56333 | K55: 2.2 | L55: =+J55*K55 -> 123932.6 | M55: 18 | O55: =L55/M55 -> 6885.1444
L56: =+J56*K56 -> 0
L57: =+J57*K57 -> 0
C58: SUBTOTAL $ | O58: =O54+O55+O56+O57 -> 17265.844
C59: V. OTROS GASTOS
C62: VIATICOS | J62: CANTIDAD | K62: UND | L62: PRECIO UNITARIO | M62: RENDIMIENTO | O62: Vr. UNITARIO
C68: SUBTOTAL $ | O68: =O63+O64+O65+O67 -> 0
C70: TOTAL COSTO DIRECTO $ | O70: =O34+O42+O49+O68+O58 -> 259037.43
C71: V. COSTOS INDIRECTOS
C74: Descripción | L74: Porcentaje | M74: Valor Total
C75: ADMINISTRACION | L75: 0.25 | M75: =O70*L75 -> 64759.357
C76: IMPREVISTOS | L76: 0.01 | M76: =L76*O70 -> 2590.3743
C77: UTILIDAD | L77: 0.04 | M77: =L77*O70 -> 10361.497
C78: SUBTOTAL $ | O78: =SUM(M75:N77) -> 77711.229
C80: Precio Unitario Total Aproximado al peso $ | O80: =ROUND(O70+O78,0) -> 336749
H84: Firma
H85: Nombre:
H86: Representante Legal del Contratista o su Apoderado
H87: Matricula No. :
C89: OBSERVACIONES INTERVENTORÍA
C93: APROBACIÓN POR INTERVENTORÍA
C94: Nota 1: Cuando se trate de Análisis de precios unitarios correspondientes a ítems de la propuesta económica aprobada, el Interventor aprueba el desglose de los componentes manteniendo el mismo precio unitario de cada ítem, cumpliendo con las especificaciones de construcción vigentes para el proyecto.
C96: Nota 2: Cuando se trate de Análisis de precios unitarios de ítems no previstos, el Interventor aprueba el desglose y precio unitario de cada ítem no previsto, exigiendo la aplicación de los costos correspondientes a insumos y tarifas de la propuesta económica inicial cuando estén contemplados, cumpliendo con las especificaciones de construcción vigente para el proyecto.
H99: Firma
H100: Nombre:
H101: Representante Legal del Interventor o su Apoderado
H102: Matricula No. :

Sheet 13
C3: Formulario 1 - Propuesta económica - Documento tipo de licitación de obra pública de infraestructura de transporte - versión 3
C4: Código | D4: CCE-EICP-FM-14 | E4: Versión | F4: 3
C6: [La entidad podrá utilizar este formato para la presentación de los análisis de precios unitarios el contratista en la oportunidad prevista en el numeral 8.1. del Documento Base]
D9: ALCALDIA DE ZIPAQUIRÁ
L10: VERSIÓN
L12: PÁGINA | M12: 1 | N12: DE | O12: 1
D14: ANALISIS DE PRECIOS UNITARIOS
L16: FECHA | M16: DD | N16: MM | O16: AA
C18: ITEMS DE LA PROPUESTA ECONÓMICA | I18: ITEMS NO PREVISTOS
C22: DATOS ESPECÍFICOS
C24: ITEM | D24: DESCRIPCIÓN | M24: UNIDAD | O24: CANTIDAD
C25: ='PRESUPUESTO OFICIAL'!C27 -> 13 | D25: ='PRESUPUESTO OFICIAL'!G27 -> RETIRO DE SEÑALES VERTICALES Y TRANSPORTE AL ALMACEN DEL MUNICIPIO | M25: ='PRESUPUESTO OFICIAL'!H27 -> un. | O25: ='PRESUPUESTO OFICIAL'!I27 -> 25
C26: I. EQUIPO
C29: DESCRIPCIÓN | H29: MARCA | J29: UNIDAD | L29: TARIFA | M29: RENDIMIENTO | O29: Vr. UNITARIO
C30: HERRAMIENTA MENOR (10% DE M.O.) | L30: =O57*0.1 -> 991.4608 | O30: =L30 -> 991.4608
C31: CAMION DE APOYO | J31: DÍA | L31: 474000 | N31: 35.423 | O31: =L31/N31 -> 13381.137
C34: SUBTOTAL $ | O34: =SUM(O30:O33) -> 14372.597
C35: II. MATERIALES
C38: DESCRIPCIÓN | K38: UNIDAD | L38: CANTIDAD | M38: PRECIO UNIT. | O38: Vr. UNITARIO
C42: SUBTOTAL $ | O42: =SUM(O39:O41) -> 0
C43: III. TRANSPORTES
C46: DESCRIPCION | J46: VOL. o PESO | K46: DISTANCIA | L46: M3 o Ton/Km | M46: TARIFA | O46: Vr. UNITARIO
O49: =SUM(M47:N48) -> 0
C50: IV. MANO DE OBRA
C53: TRABAJADOR | J53: JORNAL | K53: PRESTACIONES | L53: JORNAL TOTAL | M53: RENDIMIENTO | O53: Vr. UNITARIO
C54: AYUDANTE (2) AA | J54: =56333*2 -> 112666 | K54: 2.2 | L54: =+J54*K54 -> 247865.2 | M54: 25 | O54: =L54/M54 -> 9914.608
L55: =+J55*K55 -> 0
L56: =+J56*K56 -> 0
C57: SUBTOTAL $ | O57: =SUM(O54:O56) -> 9914.608
C58: V. OTROS GASTOS
C61: VIATICOS | J61: CANTIDAD | K61: UND | L61: PRECIO UNITARIO | M61: RENDIMIENTO | O61: Vr. UNITARIO
C67: SUBTOTAL $ | O67: =O62+O63+O64+O66 -> 0
C69: TOTAL COSTO DIRECTO $ | O69: =O34+O42+O49+O67+O57 -> 24287.205
C70: V. COSTOS INDIRECTOS
C73: Descripción | L73: Porcentaje | M73: Valor Total
C74: ADMINISTRACION | L74: 0.25 | M74: =O69*L74 -> 6071.8013
C75: IMPREVISTOS | L75: 0.01 | M75: =L75*O69 -> 242.87205
C76: UTILIDAD | L76: 0.04 | M76: =L76*O69 -> 971.48821
C77: SUBTOTAL $ | O77: =SUM(M74:N76) -> 7286.1616
C79: Precio Unitario Total Aproximado al peso $ | O79: =ROUND(O69+O77,0) -> 31573
H83: Firma
H84: Nombre:
H85: Representante Legal del Contratista o su Apoderado
H86: Matricula No. :
C88: OBSERVACIONES INTERVENTORÍA
C92: APROBACIÓN POR INTERVENTORÍA
C93: Nota 1: Cuando se trate de Análisis de precios unitarios correspondientes a ítems de la propuesta económica aprobada, el Interventor aprueba el desglose de los componentes manteniendo el mismo precio unitario de cada ítem, cumpliendo con las especificaciones de construcción vigentes para el proyecto.
C95: Nota 2: Cuando se trate de Análisis de precios unitarios de ítems no previstos, el Interventor aprueba el desglose y precio unitario de cada ítem no previsto, exigiendo la aplicación de los costos correspondientes a insumos y tarifas de la propuesta económica inicial cuando estén contemplados, cumpliendo con las especificaciones de construcción vigente para el proyecto.
H98: Firma
H99: Nombre:
H100: Representante Legal del Interventor o su Apoderado
H101: Matricula No. :
